 Dungeon Crawl Stone Soup version 0.26.1-11-gd32895ea62 (webtiles) character file.

Game seed: 2525487052278984719

84 Zeld the Ducker (level 4, -2/31 HPs)
             Began as an Octopode Monk on May 11, 2021.
             Slain by a goblin
             ... wielding a +0 dagger
             ... led by Robin
              (6 damage)
             ... on level 2 of the Dungeon.
             The game lasted 00:02:44 (2644 turns).

Zeld the Ducker (Octopode Monk)                     Turns: 2644, Time: 00:02:45

Health: -2/31      AC:  1    Str: 11    XL:     4   Next: 46%
Magic:  7/7        EV: 14    Int: 12    God:
Gold:   63         SH:  0    Dex: 14    Spells: 7/7 levels left

rFire    . . .     SeeInvis .   a - +0 hand axe
rCold    . . .     Faith    .   (no shield)
rNeg     . . .     Spirit   .   (helmet restricted)
rPois    .         Reflect  .   (no amulet)
rElec    .         Harm     .   (no ring)
rCorr    .         Rampage  .   (no ring)
Will     .....                  (no ring)
Stlth    +++.......             (no ring)
HPRegen  0.10/turn              (no ring)
MPRegen  0.10/turn              (no ring)
                                (no ring)
                                (no ring)

@: no status effects
A: almost no armour, stealthy swim, amphibious, 8 rings, constrict 8, camouflage
1, gelatinous body 1
a: no special abilities


You were on level 2 of the Dungeon.
You visited 1 branch of the dungeon, and saw 2 of its levels.

You collected 63 gold pieces.

Inventory:

Hand Weapons
 a - a +0 hand axe (weapon)
Missiles
 b - 8 boomerangs (quivered)
Wands
 i - a wand of acid (1)
Scrolls
 c - 3 scrolls of enchant weapon {unknown}
 f - a scroll of blinking {unknown}
 h - a scroll of teleportation {unknown}
Potions
 d - a potion of degeneration {unknown}
 e - a potion of haste {unknown}
 g - a potion of attraction {unknown}


   Skills:
 - Level 3.0 Fighting
 - Level 3.0 Axes
 * Level 2.6 Throwing
 - Level 3.0 Dodging
 - Level 2.6 Stealth
 * Level 2.3 Spellcasting


You had 7 spell levels left.
You didn't know any spells.
Your spell library was empty.

Dungeon Overview and Level Annotations

Branches:
Dungeon (2/15)

Altars:
Hepliaklqana
Makhleb
Nemelex Xobeh

Annotations:
D:2 exclusion: ooze, Robin, Sigmund


Innate Abilities, Weirdness & Mutations

You cannot wear most types of armour.
You are very stealthy in the water. (Stealth+)
You are amphibious.
You can wear up to eight rings at the same time.
You can use your tentacles to constrict eight enemies at once.
Your skin changes colour to match your surroundings (Stealth+).
Your rubbery body absorbs attacks. (AC +1, EV +1)


Message History

You constrict Robin.
The goblin no longer looks unusually strong. x3
The hobgoblin hits you with a +0 club!
* * * LOW HITPOINT WARNING * * *
Robin barely misses you. The hobgoblin barely misses you.
Unknown command.
You hit Robin but do no damage.
Robin is severely wounded.
You hit the hobgoblin. You closely miss the goblin. You constrict Robin.
The hobgoblin no longer looks unusually strong.
The goblin hits you but does no damage.
Robin roars a battlecry!
The goblins go into a battle-frenzy!
The goblin hits you but does no damage. The hobgoblin barely misses you.
Unknown command.
You hit Robin but do no damage. You squeeze Robin, but do no damage.
Robin is severely wounded.
You barely miss the hobgoblin. You hit the goblin. You constrict Robin.
Robin throws the goblin at you! The goblin hits you with a +0 dagger.
You die...

.#####...........# #.#
..................# #.###
..##..............# #....
#..............############
#..............##........#
#########......##........#
##...............#
#gg.(...........#
####@gg............#
#...gg.............#
#........##........##
#....######........).
#....# ######'#### #)...#
#.# # .o?o$......# #.# #
####.####### #.# .. #.####


You could see Robin, a hobgoblin (strong) and 4 goblins.

Vanquished Creatures
  Jessica (D:2)
  An adder (D:2)
  A worm (D:2)
  2 leopard geckos (D:2)
  An orc (D:2)
  A ball python (D:1)
  3 giant cockroaches
  15 goblins
  2 hobgoblins (D:2)
  5 kobolds
  3 bats (D:2)
  A frilled lizard (D:2)
  4 rats
40 creatures vanquished.

Notes
Turn   | Place    | Note
-------+----------+-------------------------------------------
     0 | D:1      | Zeld the Octopode Monk began the quest for the Orb.
     0 | D:1      | Reached XP level 1. HP: 16/16 MP: 1/1
   190 | D:1      | Reached skill level 1 in Throwing
   190 | D:1      | Reached XP level 2. HP: 21/21 MP: 3/3
   219 | D:1      | Reached skill level 1 in Spellcasting
  1135 | D:2      | Reached XP level 3. HP: 26/26 MP: 5/5
  1457 | D:2      | Found a sparkling altar of Nemelex Xobeh.
  1459 | D:2      | Found a hazy altar of Hepliaklqana.
  1692 | D:2      | Found a burning altar of Makhleb.
  1717 | D:2      | Noticed Sigmund
  1822 | D:2      | Noticed Robin
  2256 | D:2      | Noticed Jessica
  2263 | D:2      | Killed Jessica
  2264 | D:2      | Reached XP level 4. HP: 27/31 MP: 5/7
  2644 | D:2      | Slain by a goblin

Illustrated notes

Levels and vault maps discovered:
D:1:      lightli_arrival_statuegarden, layout_basic
D:2:      layout_basic, nicolae_overflow_hidden_temple, bloody_makhleb,
          uniq_robin, uniq_sigmund, uniq_jessica

Skill      XL: |  1  2  3 |
---------------+----------+-----
Throwing       | 1 2 |  2.6
Spellcasting   | 1 2 |  2.3
Fighting       | |  3.0
Axes           | |  3.0
Dodging        | |  3.0
Stealth        | |  2.6

Action                   |  1- 3 |  4- 6 || total
-------------------------+-------+-------++-------
Melee: Hand axe          |    69 |    20 ||    89
       Constrict         |    16 |     5 ||    21
       Tentacles         |    12 |     5 ||    17
 Stab: Sleeping          |    14 |       ||    14
       Distracted        |       |     1 ||     1
Armor: Skin              |     2 |     3 ||     5
Dodge: Dodged            |    37 |    16 ||    53
